 Dungeon Crawl Stone Soup version 0.26-a0-665-gefeb406119 (webtiles) character file.

Game seed: 15532281682563536800

39 somkeydreadnuts the Gusty (level 3, 0/19 HPs)
             Began as a Tengu Air Elementalist on Oct 14, 2020.
             Succumbed to an adder's poison
             ... on level 2 of the Dungeon.
             The game lasted 00:05:21 (981 turns).

somkeydreadnuts the Gusty (Tengu Air Elementalist)   Turns: 981, Time: 00:05:22

Health: 0/19       AC:  3    Str:  8    XL:     3   Next: 47%
Magic:  12/16      EV: 13    Int: 16    God:
Gold:   104        SH:  0    Dex: 14    Spells: 5/6 levels left

rFire    + + .     SeeInvis .   (no weapon)
rCold    x . .     Faith    .   (no shield)
rNeg     . . .     Spirit   .   c - +1 robe {rF+}
rPois    .         Reflect  .   (helmet restricted)
rElec    .         Harm     .   (no cloak)
rCorr    .         Rampage  .   (no gloves)
MR       .....                  (boots unavailable)
Stlth    ++........             (no amulet)
HPRegen  0.06/turn              d - ring of fire
MPRegen  0.15/turn              f - ring of magical power

@: lethally poisoned (0 -> -8)
A: beak, talons 3
a: no special abilities


You were on level 2 of the Dungeon.
You visited 1 branch of the dungeon, and saw 2 of its levels.

You collected 104 gold pieces.

Inventory:

Hand Weapons
 b - a cursed -2 dagger
Armour
 a - a +0 robe
 c - a +1 robe of fire resistance (worn)
Jewellery
 d - a ring of fire (left hand)
 f - a ring of magical power (right hand)
Scrolls
 e - a scroll of teleportation {unknown}


   Skills:
 + Level 2.3 Dodging
 + Level 2.0 Stealth
 + Level 2.4 Spellcasting
 + Level 2.1 Conjurations
 + Level 5.1 Air Magic


You had 5 spell levels left.
You knew the following spells:

 Your Spells              Type           Power        Failure   Level
a - Shock                 Conj/Air       ##..         4%          1

Your spell library contained the following spells:

 Spells                   Type           Power        Failure   Level
 Swiftness                Air            ###.....     3%          2
 Static Discharge         Conj/Air       ##......     14%         3
 Airstrike                Air            ###.......   24%         4
 Lightning Bolt           Conj/Air       ##........   77%         5


Dungeon Overview and Level Annotations

Branches:
Dungeon (2/15)

Altars:


Innate Abilities, Weirdness & Mutations

You have a beak for a mouth.
You have claws for feet.


Message History

Casting: Shock (safe; 4% risk of failure)
Confirm with . or Enter, or press ? or * to list all spells.
Aiming: Shock (safe; 4% risk of failure)
Press: ? - help, Shift-Dir - straight line The zap hits the adder.
The adder is severely wounded.
The zap hits the adder.
The adder is almost dead.
The zap misses the goblin.
You feel sick. The adder misses you. The goblin misses you.
The adder bites you.
* * * LOW HITPOINT WARNING * * *
Casting: Shock (safe; 4% risk of failure)
Confirm with . or Enter, or press ? or * to list all spells.
Aiming: Shock (safe; 4% risk of failure)
Press: ? - help, Shift-Dir - straight line The zap misses the adder.
The zap hits the adder.
You kill the adder!
Your Conjurations skill increases to level 2!
The zap misses the goblin.
You die...

#.......<....#
#............#
#..........###
.....$....##
.##.....##
##...##
##gB..#
#.gB### #@#.#
#...#.#
##.##.# #. S.#
#. ..# #. ..#
#. .. ..


You could see 2 giant cockroaches and 2 goblins.

Vanquished Creatures
  An adder (D:2)
  A dart slug (D:1)
  2 leopard geckos (D:1)
  2 giant cockroaches (D:1)
  3 goblins (D:1)
  6 hobgoblins (D:1)
  3 bats (D:1)
  A frilled lizard (D:1)
  3 kobolds (D:1)
  2 rats (D:1)
24 creatures vanquished.

Notes
Turn   | Place    | Note
-------+----------+-------------------------------------------
     0 | D:1      | somkeydreadnuts the Tengu Air Elementalist began the quest
                  | for the Orb.
     0 | D:1      | Reached XP level 1. HP: 10/10 MP: 4/4
   178 | D:1      | Reached XP level 2. HP: 15/15 MP: 1/6
   675 | D:1      | Reached XP level 3. HP: 14/19 MP: 7/7
   697 | D:1      | Reached skill level 5 in Air Magic
   981 | D:2      | Succumbed to an adder's poison

Illustrated notes

Levels and vault maps discovered:
D:1:      lemuel_arrival_room, layout_basic
D:2:      minmay_alternating_diamond, layout_rooms, overflow_temple_1_default,
          chequers_ecumenical_altar_simple_redux, lightli_corner_chamber

Skill      XL: |  1  2  3 |
---------------+----------+-----
Air Magic      | 5 |  5.1
Conjurations   | 2 |  2.1
Dodging        | |  2.3
Stealth        | |  2.0
Spellcasting   | |  2.4

Action                   || total
-------------------------++-------
 Cast: Shock             ||    44
  Use: Potion            ||     2
Armor: Robe              ||     3
Dodge: Dodged            ||    17

Table legend: (Time is in decaauts)
 A = Elapsed time spent in this place.
 B = Non-inter-level travel time spent in this place.
 C = Inter-level travel time spent in this place.
 D = Time resting spent in this place.
 E = Time spent auto-exploring this place.
 F = Levels seen in this place.
 G = Mean time per level.
                   A        B        C        D        E       F      G
               +--------+--------+--------+--------+--------+-----+--------+
         Total |    979 |    979 |      0 |      0 |    616 |   2 |  489.5 |
       Dungeon |    979 |    979 |      0 |      0 |    616 |   2 |  489.5 |
               +--------+--------+--------+--------+--------+-----+--------+

Top non-repeatable levels by time:
     D:1: 963 daAuts
     D:2: 16 daAuts
